 Dungeon Crawl Stone Soup version 0.31-a0-853-gc9b61b78f7 (webtiles) character file.

Game seed: 8800698604525053207

191 JackS81 the Changeling (level 5, -10/44 HPs)
             Began as a Naga Shapeshifter on Oct 8, 2023.
             Mangled by an ogre
             ... wielding a +0 giant club
              (25 damage)
             ... on level 4 of the Dungeon.
             The game lasted 00:12:23 (3368 turns).

JackS81 the Changeling (Naga Shapeshifter)          Turns: 3368, Time: 00:12:23

Health: -10/44     AC:  4    Str: 18    XL:     5   Next: 70%
Magic:  5/5        EV:  9    Int: 11    God:
Gold:   120        SH:  0    Dex: 10    Spells: 4/4 levels left

rFire   . .          .
                       - Unarmed
rCold   . . .        n - orb {*Rage}
rNeg    . . .        a - +2 animal skin
rPois   +            e - melded +1 helmet
rElec   .            r - melded +0 cloak {rPois}
rCorr   .            k - melded +2 pair of gloves
SInv    +            (no barding)
Will    .....        (no amulet)
Stlth   +            (no ring)
HPRegen 0.27/turn    (no ring)
MPRegen 0.09/turn

%: random rage (20%)
@: beast-form, on berserk cooldown, very slow
A: beast (slay +2), AC +1, large, see invisible, deformed body, poison
resistance, slowness 2, spit poison 1, naga tail 1
a: Spit Poison, Begin Untransformation


You were on level 4 of the Dungeon.
You were a hulking beast.
You visited 1 branch of the dungeon, and saw 4 of its levels.

You collected 120 gold pieces.

Inventory:

Hand Weapons
 b - a +3 quarterstaff of chaos
 m - a +0 short sword of holy wrath
Missiles
 i - 5 boomerangs
 s - 9 poisoned darts (quivered)
Armour
 a - a +2 animal skin (worn)
 e - a +1 helmet (melded)
 k - a +2 pair of gloves (melded)
 n - an orb of wrath (worn)
 r - a +0 cloak of poison resistance (melded)
Jewellery
 f - a +6 ring of strength
Talismans
 c - a beast talisman (active)
 d - a flux talisman
Scrolls
 g - a scroll of teleportation
 j - a scroll of revelation
 l - a scroll of poison
 q - a scroll of fog


   Skills:
 + Level 1.3 Fighting
 - Level 1.5 Dodging
 - Level 4.3 Unarmed Combat
 * Level 4.9 Shapeshifting


You had 4 spell levels left.
You didn't know any spells.
Your spell library contained the following spells:

 Spells                   Type           Power      Damage    Failure   Level
 Volatile Blastmotes      Fire/Tloc      0%         2d10      71%         3
 Fulminant Prism          Conj/Hex       0%         3d5       98%         4
 Iskenderun's Mystic Bla  Conj/Tloc      0%         2d3       98%         4


Dungeon Overview and Level Annotations

Branches:
Dungeon (4/15)
 Temple: D:4-7

Altars:
Ashenzari
Sif Muna


Innate Abilities, Weirdness & Mutations

You are a hulking beast.
Your limbs bulge with bestial killing power. (Slay +2)
Your serpentine skin is tough. (AC +1)
You have supernaturally acute eyesight. (SInv)
Armour fits poorly on your strangely shaped body.
Your system is resistant to poisons. (rPois)
You cover ground very slowly.
You can spit poison.
You have a snake-like lower body.


Message History

Aim: an ogre, wielding a +0 giant club (entangled in a net, 93% to hit)
You throw a poisoned dart. The poisoned dart hits the ogre.
The ogre struggles against the net.
Throw: 14 darts (poison)
Press: ? - help, Q - select action, (/) - cycle Shift-Dir - straight line, f/p - ogre
Aim: an ogre, wielding a +0 giant club (entangled in a net, 93% to hit)
You throw a poisoned dart. The poisoned dart hits the ogre.
The ogre is poisoned.
You feel yourself speed up.
The ogre struggles against the net. x2
The net rips apart, and the ogre comes free!
Throw: 13 darts (poison)
Press: ? - help, Q - select action, (/) - cycle Shift-Dir - straight line, f/p - ogre
Aim: an ogre, wielding a +0 giant club (poisoned, 72% to hit)
You throw a poisoned dart.
The poisoned dart closely misses the ogre.
Throw: 12 darts (poison)
Press: ? - help, Q - select action, (/) - cycle Shift-Dir - straight line, f/p - ogre
Aim: an ogre, wielding a +0 giant club (poisoned, 72% to hit)
You throw a poisoned dart. The poisoned dart hits the ogre.
The ogre looks even sicker.
Throw: 11 darts (poison)
Press: ? - help, Q - select action, (/) - cycle Shift-Dir - straight line, f/p - ogre
Aim: an ogre, wielding a +0 giant club (lightly wounded, very poisoned, 72% to hit)
You throw a poisoned dart. The poisoned dart hits the ogre.
The ogre looks even sicker.
The ogre is lightly wounded.
Throw: 10 darts (poison)
Press: ? - help, Q - select action, (/) - cycle Shift-Dir - straight line, f/p - ogre
Aim: an ogre, wielding a +0 giant club (lightly wounded, very poisoned, 72% to hit)
You throw a poisoned dart. The poisoned dart hits the ogre.
The ogre is lightly wounded.
You hit the ogre.
The ogre is heavily wounded.
The ogre hits you with a +0 giant club!!
Ouch! That really hurt!
The ogre attacks as it pursues you!
The ogre hits you with a +0 giant club!!
Ouch! That really hurt!
You die...

# ..# #### #...#
###..###.....#
######....hO..(((.(
........##########.
.##
.........#######
..#
.#####.........##
..# #...####...#
..# ........# ##..#
##..# ###.....#
##[####..# #..###.
#..<...# ...# #.
##.....####..


You could see an ogre (very poisoned).

Vanquished Creatures
  Crazy Yiuf (D:2)
  A sleepcap (D:4)
  Jessica (D:2)
  3 gnolls (D:3)
  2 worms
  A dart slug (D:3)
  4 endoplasms
  3 giant cockroaches
  6 goblins
  9 hobgoblins
  4 jackals (D:2)
  4 quokkas
  5 ball pythons
  6 bats
  5 frilled lizards
  10 kobolds
  4 rats
69 creatures vanquished.

Notes
Turn   | Place    | Note
-------+----------+-------------------------------------------
     0 | D:1      | JackS81 the Naga Shapeshifter began the quest for the Orb.
     0 | D:1      | Reached XP level 1. HP: 18/18 MP: 1/1
   286 | D:1      | Reached XP level 2. HP: 24/25 MP: 2/2
   991 | D:1      | Reached XP level 3. HP: 28/31 MP: 3/3
  1330 | D:2      | Noticed Jessica
  1334 | D:2      | Killed Jessica
  1335 | D:2      | Reached XP level 4. HP: 24/38 MP: 4/4
  1480 | D:2      | Found a runed translucent door.
  1481 | D:2      | Noticed Crazy Yiuf
  1487 | D:2      | Killed Crazy Yiuf
  1495 | D:2      | HP: 2/57 [poisoned by Crazy Yiuf]
  2127 | D:3      | Reached XP level 5. HP: 31/44 MP: 5/5
  2657 | D:3      | Found a broken altar of Ashenzari.
  2659 | D:3      | Found a shimmering blue altar of Sif Muna.
  3359 | D:4      | Noticed an ogre
  3368 | D:4      | Mangled by an ogre

Illustrated notes

Levels and vault maps discovered:
D:1:      elethiomel_arrival_quiet, layout_loops_corners
D:2:      layout_basic, serial_glass, glass_columns_a, glass_columns_a,
          uniq_crazy_yiuf_cottage, uniq_jessica
D:3:      layout_loops_corners, minitemple
D:4:      layout_layer_cave, mainiacjoe_overflow_alcove_1, serial_shops, shop,
          uniq_blork_the_orc

Skill      XL: |  1  2  3  4 |
---------------+-------------+-----
Shapeshifting  | 4 |  4.9
Unarmed Combat | 4 |  4.3
Fighting       | |  1.3
Dodging        | |  1.5

Action                     |  1- 3 |  4- 6 || total
---------------------------+-------+-------++-------
  Melee: Unarmed           |    87 |   143 ||   230
         Punch             |     2 |       ||     2
  Throw: Dart              |       |     6 ||     6
         Throwing net      |       |     1 ||     1
Ability: Spit Poison       |     1 |       ||     1
         Begin Untransform |       |     1 ||     1
    Use: Potion            |       |     2 ||     2
         Scroll            |       |    10 ||    10
   Stab: Sleeping          |     1 |       ||     1
 Armour: Animal skin       |    58 |    93 ||   151
         Skin              |       |     1 ||     1
  Dodge: Dodged            |    43 |    67 ||   110
   Form: Flux              |     1 |     1 ||     2
         Beast             |       |     2 ||     2

Table legend: (Time is in decaauts)
 A = Elapsed time spent in this place.
 B = Non-inter-level travel time spent in this place.
 C = Inter-level travel time spent in this place.
 D = Time resting spent in this place.
 E = Time spent auto-exploring this place.
 F = Levels seen in this place.
 G = Mean time per level.
                   A        B        C        D        E       F      G
               +--------+--------+--------+--------+--------+-----+--------+
         Total |   4299 |   4012 |    287 |    212 |   2974 |   4 | 1074.8 |
       Dungeon |   4299 |   4012 |    287 |    212 |   2974 |   4 | 1074.8 |
               +--------+--------+--------+--------+--------+-----+--------+

Top non-repeatable levels by time:
     D:3: 1606 daAuts
     D:1: 1567 daAuts
     D:2: 771 daAuts
     D:4: 353 daAuts
